 Dungeon Crawl Stone Soup version 0.30.0-3-ga4e48a9924 (webtiles) character file.

Game seed: 11667101338287462484

450 Gelion the Ducker (level 7, -2/45 HPs)
             Began as a Djinni Conjurer on May 8, 2023.
             Was an Initiate of Gozag.
             Slain by a purple ugly thing (11 damage)
             ... on level 6 of the Dungeon.
             The game lasted 00:08:01 (2664 turns).

Gelion the Ducker (Djinni Conjurer)                 Turns: 2664, Time: 00:08:01

Health: -2/45      AC:  2    Str:  6    XL:     7   Next: 25%
Gold:   476        EV: 13    Int: 21    God:    Gozag SH:  0 Dex: 12

rFire   + + .        (no weapon)
rCold   x . .        (no shield)
rNeg    . . .        a - +0 robe
rPois   ∞            (no helmet)
rElec   .            (no cloak)
rCorr   .            (no gloves)
SInv    .            (boots unavailable)
Will    .....        (no amulet)
Stlth   +            (no ring)
HPRegen 0.27/turn    (no ring)
MPRegen 0.00/turn

%: infuse magic (-3 HP)
@: silenced, flying
A: sickness immunity, fire resistance 2, cold vulnerability 1, float, innate
caster, HP casting, extra vitality 1
a: Renounce Religion


You were on level 6 of the Dungeon.
You worshipped Gozag.
Gozag was aware of your devotion.
You visited 1 branch of the dungeon, and saw 5 of its levels.

You collected 476 gold pieces.

Inventory:

Armour
 a - a +0 robe (worn)
Wands
 k - a wand of digging (7)
Scrolls
 c - a scroll of immolation {unknown}
 e - a scroll of magic mapping
 g - a scroll of torment {unknown}
 i - a scroll of teleportation {unknown}
 j - a scroll of fog
 o - a scroll of noise {unknown}
 p - a scroll of enchant armour {unknown}
 q - a scroll of summoning {unknown}
 r - a scroll of amnesia
 s - a scroll of acquirement {unknown}
Potions
 b - 3 potions of curing
 f - a potion of invisibility
 h - a potion of mutation {unknown}
 l - 2 potions of attraction
 m - a potion of heal wounds {unknown}


   Skills:
 + Level 4.9 Dodging
 + Level 4.0 Stealth
 + Level 4.5 Spellcasting


You knew the following spells:

 Your Spells              Type           Power      Damage    Failure   Level
a - Magic Dart            Conj           92%        1d7       1%          1
b - Searing Ray           Conj           46%        2d6       2%          2
c - Dazzling Flash        Conj/Hex       46%        N/A       5%          3
d - Fulminant Prism       Conj/Hex       11%        3d9       17%         4
e - Iskenderun's Mystic   Conj/Tloc      23%        2d6       17%         4
f - Summon Small Mammal   Summ           92%        N/A       1%          1
g - Momentum Strike       Conj/Tloc      46%        3d9       2%          2
h - Teleport Other        Tloc           23%        N/A       5%          3
Your spell library was empty.

Dungeon Overview and Level Annotations

Branches:
Dungeon (4/15)
 Temple: D:4-7

Altars:
Gozag
Qazlal

Shops:
D:6 *


Innate Abilities, Weirdness & Mutations

You are immune to sickness and miasma.
You are immune to poison.
Your flesh is very heat resistant. (rF++)
You are vulnerable to cold. (rC-)
You float through the air rather than walking.
You learn spells naturally, not from books.
Your magical power is your life essence.
You have superior vitality. (+4 MHP)


Message History

Casting: Momentum Strike (safe; 2% risk of failure)
Confirm with . or Enter, or press ? or * to list all spells.
Aiming: Teleport Other (dangerous; 5% risk of failure)
Press: ? - help, Shift-Dir - straight line, f/p - purple ugly thing
Aim: a purple ugly thing (moderately wounded, chance to affect: 45%)
The purple ugly thing resists with some effort.
The purple ugly thing engulfs you!
Casting: Teleport Other (dangerous; 5% risk of failure)
Confirm with . or Enter, or press ? or * to list all spells.
Aiming: Teleport Other (dangerous; 5% risk of failure)
Press: ? - help, Shift-Dir - straight line, f/p - purple ugly thing
Aim: a purple ugly thing (moderately wounded, chance to affect: 45%)
The purple ugly thing resists with some effort.
* * * LOW HITPOINT WARNING * * *
The purple ugly thing engulfs you!
* * * LOW HITPOINT WARNING * * *
Casting: Teleport Other (dangerous; 5% risk of failure)
Confirm with . or Enter, or press ? or * to list all spells.
You don't have enough health to cast this spell.
As you read the scroll labelled LAMUUH QEELEUL, it crumbles to dust.
It is a scroll of amnesia.
You feel forgetful for a moment.
The purple ugly thing barely misses you.
As you read the scroll labelled HOLIGA EFESHRUM, it crumbles to dust.
You feel aware of your surroundings.
You sensed 2 altars, and 1 shop/portal.
It was a scroll of magic mapping.
The purple ugly thing barely misses you.
Your magical contamination has completely faded away.
As you read the scroll labelled YNNAKLI MIF, it crumbles to dust.
It is a scroll of enchant weapon.
You aren't carrying any weapons that can be enchanted.
You are no longer robbed of momentum.
The purple ugly thing misses you.
As you read the scroll labelled ZUOFIP WUVYOMM, it crumbles to dust.
A profound silence engulfs you.
It was a scroll of silence.
The purple ugly thing barely misses you.
The centaur gestures.
You feel better. The purple ugly thing engulfs you!
You die...
Your body crumbles into a pile of gold.

,*,###:...c....#****
**,....#.....##*
,****#........# ,,*
##....u.u### *,**
#.........## *,,*
#......##.># **,*
#.....####c# *,*
#.....####u# *,*
#...#...##@# *,*
#...###....# **,*
#...* ###### ,,,**
#...* ,,,,**#..,*
,,,,,*#.,,*
,,,,,****** <,,,,*
,,,,**


You could see a purple ugly thing and a centaur.

Vanquished Creatures
  Sigmund (D:2)
  A scorpion (D:6)
  A hound (D:6)
  An iguana (D:3)
  A sleepcap (D:6)
  Robin (D:2)
  4 adders
  4 gnolls (D:2)
  A worm (D:2)
  3 dart slugs
  3 orcs (D:3)
  3 endoplasms
  2 giant cockroaches
  17 goblins
  2 hobgoblins (D:2)
  3 jackals (D:1)
  3 quokkas (D:1)
  4 ball pythons
  8 bats
  5 frilled lizards
  3 kobolds
  3 rats
74 creatures vanquished.

Notes
Turn   | Place    | Note
-------+----------+-------------------------------------------
     0 | D:1      | Gelion the Djinni Conjurer began the quest for the Orb.
     0 | D:1      | Gelion set off with the following spells memorised: Magic
                  | Dart, Searing Ray, Dazzling Flash, Fulminant Prism,
                  | Iskenderun's Mystic Blast.
     0 | D:1      | Reached XP level 1. HP: 15/15 MP: 0/0
   120 | D:1      | Reached XP level 2. HP: 20/21 MP: 0/0
   331 | D:1      | Reached XP level 3. HP: 24/25 MP: 0/0
   331 | D:1      | Learned a level 1 spell: Summon Small Mammal
   406 | D:1      | Found a faded altar of an unknown god.
   412 | D:1      | Prayed at the altar of an unknown god.
   412 | D:1      | Became a worshipper of Gozag Ym Sagoz the Greedy
   751 | D:2      | Noticed Sigmund
   822 | D:2      | Killed Sigmund
   823 | D:2      | Reached XP level 4. HP: 5/31 MP: 0/0
   823 | D:2      | Reached XP level 5. HP: 6/35 MP: 0/0
   823 | D:2      | Learned a level 2 spell: Momentum Strike
   977 | D:2      | Reached XP level 6. HP: 38/40 MP: 0/0
   982 | D:2      | Noticed Robin
   994 | D:2      | Killed Robin
  2169 | D:3      | Found a stormy altar of Qazlal.
  2480 | D:4      | You are sucked into a shaft and drop 2 floors!
  2491 | D:6      | Reached XP level 7. HP: 37/45 MP: 0/0
  2491 | D:6      | Learned a level 3 spell: Teleport Other
  2640 | D:6      | Found Ytemmebb's General Store.
  2644 | D:6      | Noticed a purple ugly thing
  2659 | D:6      | HP: 2/45 [purple ugly thing (10)]
  2664 | D:6      | Slain by a purple ugly thing

Illustrated notes

Levels and vault maps discovered:
D:1:      erik_arrival_orb_chamber, layout_basic,
          hellmonk_ecumenical_altar_run_dry
D:2:      layout_basic, uniq_sigmund, uniq_robin
D:3:      layout_loops_ring, lemuel_round_altar, chequers_serial_rivers_micro_b
D:4:      layout_basic
D:6:      layout_rooms, gammafunk_temple_overflow_pools, serial_shops,
          nicolae_lakefront_shop, shop, uniq_pikel

Skill      XL: |  1  2  3  4  5  6  7 |
---------------+----------------------+-----
Stealth        | 2 3 4 |  4.0
Dodging        | 4 |  4.9
Spellcasting   | 4 |  4.5

Action                     |  1- 3 |  4- 6 |  7- 9 || total
---------------------------+-------+-------+-------++-------
   Cast: Magic Dart        |    43 |   104 |     2 ||   149
         Searing Ray       |     4 |     2 |     3 ||     9
         Summon Small Mamm |    12 |       |       ||    12
         Teleport Other    |       |       |     3 ||     3
         Momentum Strike   |       |       |     1 ||     1
    Use: Scroll            |       |     5 |     4 ||     9
         Potion            |       |       |     1 ||     1
 Armour: Robe              |     1 |     1 |     1 ||     3
  Dodge: Dodged            |     8 |     9 |    11 ||    28
